 Dungeon Crawl Stone Soup version 0.28.0-1-gb440e238dd (webtiles) character file.

Game seed: 3202102210876825480

41 mortz the Covered (level 3, 0/29 HPs)
             Began as a Human Fighter on Feb 21, 2022.
             Slain by an adder (1 damage)
             ... on level 2 of the Dungeon.
             The game lasted 00:07:31 (1182 turns).

mortz the Covered (Human Fighter)                   Turns: 1182, Time: 00:07:32

Health: 0/29       AC:  6    Str: 18    XL:     3   Next: 75%
Magic:  3/3        EV:  9    Int:  8    God:
Gold:   16         SH:  4    Dex: 12    Spells: 2/2 levels left

rFire   . . .      SeeInvis .   a - +0 long sword
rCold   . . .      Faith    .   c - +0 buckler
rNeg    . . .      Spirit   .   b - +0 scale mail
rPois   .          Reflect  .   (no helmet)
rElec   .          Harm     .   (no cloak)
rCorr   .          Rampage  .   (no gloves)
Will    .....                   (no boots)
Stlth   ..........              (no amulet)
HPRegen 0.09/turn               (no ring)
MPRegen 0.08/turn               (no ring)

@: brilliant, lethally poisoned (0 -> -3), hasted, very quick
A: no striking features
a: no special abilities


You were on level 2 of the Dungeon.
You visited 1 branch of the dungeon, and saw 2 of its levels.

You collected 16 gold pieces.

Inventory:

Hand Weapons
 a - a +0 long sword (weapon)
 f - a +0 dagger
 g - a +0 short sword
Armour
 b - a +0 scale mail (worn)
 c - a +0 buckler (worn)
Magical Staves
 n - a staff of air
Scrolls
 e - 6 scrolls of identify {unknown}
 l - a scroll of amnesia {unknown}
 m - a scroll of immolation {unknown}
Potions
 d - a potion of might
 h - a potion of attraction {unknown}
 i - a potion of brilliance
 j - a potion of heal wounds {unknown}
 k - a potion of haste


   Skills:
 + Level 3.3 Fighting
 + Level 2.8 Long Blades
 + Level 3.3 Armour
 + Level 0.1 Dodging
 + Level 3.2 Shields


You had 2 spell levels left.
You didn't know any spells.
Your spell library was empty.

Dungeon Overview and Level Annotations

Branches:
Dungeon (2/15)

Altars:
Beogh


Message History

As you open the door, it creaks loudly!
An adder and a rat come into view.
The adder hisses angrily.
You miss the adder. The adder bites you.
You are poisoned.
The adder poisons you! The adder closely misses you.
You miss the adder.
You feel sick. The adder bites you.
You slash the adder!
The adder is severely wounded.
You feel sick. The adder barely misses you. The adder closely misses you.
You closely miss the adder.
The adder is severely wounded.
You feel sick. The adder barely misses you. The adder bites you.
You barely miss the adder.
The adder is severely wounded.
You feel sick. The adder bites you but does no damage. The adder bites you.
You are more poisoned.
The adder poisons you!
You barely miss the adder.
The adder is severely wounded.
You feel sick. The adder bites you.
You are lethally poisoned!
The adder poisons you!
You completely miss the adder.
The adder is severely wounded.
* * * LOW HITPOINT WARNING * * *
You feel very sick.
The adder bites you but does no damage. x2
* * * LOW HITPOINT WARNING * * *
You feel sick.
* * * LOW HITPOINT WARNING * * *
You feel sick. You block the adder's attack.
It was a potion of brilliance.
You feel clever all of a sudden.
* * * LOW HITPOINT WARNING * * *
You feel sick. You block the adder's attack.
It was a potion of haste.
You feel yourself speed up.
* * * LOW HITPOINT WARNING * * *
You feel sick. The adder bites you.
You die...

.#................... #
.'........##.#.......
.#).......##.#....... .
....#.######.####.... ..
....#.# #.# .... ...
....#.######.# ##. ....
....#).......# .....
....################......
...## #......@Sr'......
...# #.#########......
...# #.# ..... ...# #.#
.... ...# #.# ... ...# #.#
.. .### #.# # .# #.#
.#########.#


You could see an adder and a rat.

Vanquished Creatures
  5 dart slugs (D:1)
  2 endoplasms
  2 giant cockroaches (D:1)
  5 goblins
  4 hobgoblins
  A quokka (D:1)
  3 ball pythons
  3 bats (D:1)
  2 frilled lizards (D:1)
  A kobold (D:1)
  A rat (D:1)
29 creatures vanquished.

Notes
Turn   | Place    | Note
-------+----------+-------------------------------------------
     0 | D:1      | mortz the Human Fighter began the quest for the Orb.
     0 | D:1      | Reached XP level 1. HP: 18/18 MP: 1/1
    57 | D:1      | Reached XP level 2. HP: 15/24 MP: 2/2
   372 | D:1      | Reached XP level 3. HP: 26/29 MP: 3/3
   791 | D:1      | Found a faded altar of an unknown god.
  1182 | D:2      | HP: 1/29 [poisoned by an adder]
  1182 | D:2      | Slain by an adder

Illustrated notes

Levels and vault maps discovered:
D:1:      heliophobic_arrival_enchanted_forest, layout_basic,
          hellmonk_ecumenical_altar_defaced_shrine
D:2:      layout_basic

Action                   || total
-------------------------++-------
Melee: Long sword        ||    85
  Use: Potion            ||     2
Armor: Scale mail        ||    37
Dodge: Dodged            ||    25
Block: Buckler           ||    13
